[Event "Paracin Open 2022"]
[Site "Paracin"]
[Date "2022.07.14"]
[Round "7.1"]
[White "Predke, Alexandr"]
[Black "Praggnanandhaa R"]
[Result "1/2-1/2"]
[ECO "E53"]
[WhiteElo "2688"]
[BlackElo "2648"]
[Annotator "ChessBase"]
[PlyCount "154"]
[EventDate "2022.07.08"]
[EventCountry "SRB"]
[SourceTitle "playchess.com"]
[Source "ChessBase"]
[SourceQuality "1"]
[TimeControl "5400+30"]

1. d4 Nf6 2. c4 e6 3. Nc3 Bb4 4. e3 O-O 5. Bd3 d5 6. a3 Bxc3+ 7. bxc3 dxc4 8. Bxc4 c5 9. Nf3 Qc7 10. Be2 b6 11. Bb2 Bb7 12. O-O Nbd7 13. c4 Rac8 14. Nd2 Rfd8 15. Re1 Nf8 16. a4 Ng6 17. Bf1 Nh4 18. Qe2 cxd4 19. exd4 Qd6 20. Qd3 Qf4 21. Qe3 Qf5 22. Rec1 Qg6 23. f3 Nf5 24. Qf2 Qh6 25. a5 Ne3 26. axb6 axb6 27. h3 Nxf1 28. Nxf1 Qf4 29. d5 exd5 30. Qxb6 Bc6 31. Bxf6 Qxf6 32. cxd5 Bxd5 33. Qxf6 gxf6 34. Ng3 Rxc1+ 35. Rxc1 Be6 36. Nh5 f5 37. Rc5 h6 38. Ng3 Kg7 39. Nxf5+ Bxf5 40. Rxf5 Kg6 41. Rc5 h5 42. Rc4 Rd2 43. Kh2 f6 44. Kg3 Ra2 45. Rb4 Rc2 46. Ra4 Rb2 47. Rd4 Ra2 48. Rc4 Rb2 49. Ra4 Rc2 50. Ra8 Kg7 51. h4 Rb2 52. Re8 Ra2 53. Re3 Kg6 54. Kh3 Ra1 55. Rd3 Rh1+ 56. Kg3 Kf5 57. Rd8 Kg6 58. Re8 Ra1 59. Kf4 Rh1 60. g3 Rf1 61. Rd8 Kg7 62. g4 hxg4 63. Kxg4 Rh1 64. f4 Kg6 65. Rg8+ Kh7 66. Rf8 Kg6 67. f5+ Kg7 68. Rd8 Kh6 69. Rd6 Rg1+ 70. Kh3 Rh1+ 71. Kg3 Rg1+ 72. Kh2 Rg4 73. Kh3 Kh5 74. Rxf6 Rxh4+ 75. Kg3 Kg5 76. Rg6+ Kxf5 77. Kxh4 Kxg6 1/2-1/2

[Event "Paracin Open 2022"]
[Site "Paracin"]
[Date "2022.07.14"]
[Round "7.2"]
[White "Makhnev, Denis"]
[Black "Pranav Vijay"]
[Result "0-1"]
[ECO "A27"]
[WhiteElo "2492"]
[BlackElo "2265"]
[Annotator "ChessBase"]
[PlyCount "128"]
[EventDate "2022.07.08"]
[EventCountry "SRB"]
[SourceTitle "playchess.com"]
[Source "ChessBase"]
[SourceQuality "1"]
[TimeControl "5400+30"]

1. c4 e5 2. Nc3 Nc6 3. Nf3 f5 4. g3 Nf6 5. d4 e4 6. Nh4 d5 7. Bg5 Bb4 8. e3 O-O 9. Ng2 Ne7 10. Qb3 Bxc3+ 11. bxc3 c6 12. h4 h6 13. Bxf6 Rxf6 14. Be2 Be6 15. h5 Bf7 16. c5 b6 17. Qa3 bxc5 18. Qxc5 Rb8 19. Nf4 Nc8 20. c4 Nb6 21. O-O dxc4 22. Rfb1 Rc8 23. Ng6 Bxg6 24. hxg6 Qd7 25. Bxc4+ Nxc4 26. Qxc4+ Kh8 27. Rb3 Rxg6 28. Rab1 Kh7 29. Kg2 Qd6 30. Qc5 Qf6 31. Qxa7 f4 32. exf4 Qxf4 33. Qa6 Qf5 34. Qe2 Rd8 35. Qe3 Qd5 36. Re1 Re6 37. Kg1 Rf8 38. Qe2 Qxd4 39. Re3 Kh8 40. Qc2 Rfe8 41. a4 Qd5 42. Rd1 Qf5 43. Rd4 h5 44. Rc4 h4 45. Rxc6 Re5 46. gxh4 Qf4 47. Rc5 R5e6 48. Rh5+ Kg8 49. Rg3 R6e7 50. Rhg5 Rf7 51. Qb2 Ree7 52. R5g4 Qd6 53. Qb3 Kh8 54. Rxe4 Qf6 55. Rxe7 Qxf2+ 56. Kh1 Rxe7 57. Qb8+ Kh7 58. Qb1+ Kg8 59. Qb3+ Rf7 60. Qe3 Qf1+ 61. Rg1 Qc4 62. Qh3 Rf4 63. Qe3 Rxh4+ 64. Kg2 Qc2+ 0-1

[Event "Paracin Open 2022"]
[Site "Paracin"]
[Date "2022.07.14"]
[Round "7.3"]
[White "Amartuvshin, Ganzorig"]
[Black "Makarian, Rudik"]
[Result "1/2-1/2"]
[ECO "D20"]
[WhiteElo "2409"]
[BlackElo "2533"]
[Annotator "ChessBase"]
[PlyCount "44"]
[EventDate "2022.07.08"]
[EventCountry "SRB"]
[SourceTitle "playchess.com"]
[Source "ChessBase"]
[SourceQuality "1"]
[TimeControl "5400+30"]

1. d4 d5 2. c4 dxc4 3. e4 e5 4. Nf3 Bb4+ 5. Nc3 Nf6 6. Qa4+ Nc6 7. d5 Nxe4 8. dxc6 Nxc3 9. bxc3 Bxc3+ 10. Bd2 b5 11. Qd1 Bd4 12. Be2 O-O 13. Rb1 Qd5 14. O-O Bf5 15. Nxd4 exd4 16. Bf3 Be4 17. Bxe4 Qxe4 18. Rxb5 Qxc6 19. Qh5 c3 20. Rc5 Qe4 21. Bc1 Rab8 22. Qf3 Qe7 1/2-1/2

[Event "Paracin Open 2022"]
[Site "Paracin"]
[Date "2022.07.14"]
[Round "7.4"]
[White "Urazayev, Arystanbek"]
[Black "Gundavaa, Bayarsaikhan"]
[Result "1-0"]
[ECO "B90"]
[WhiteElo "2430"]
[BlackElo "2503"]
[Annotator "ChessBase"]
[PlyCount "55"]
[EventDate "2022.07.08"]
[EventCountry "SRB"]
[SourceTitle "playchess.com"]
[Source "ChessBase"]
[SourceQuality "1"]
[TimeControl "5400+30"]

1. e4 c5 2. Nf3 d6 3. d4 cxd4 4. Nxd4 Nf6 5. Nc3 a6 6. Rg1 e5 7. Nb3 Be6 8. g4 d5 9. exd5 Nxd5 10. Nxd5 Qxd5 11. Qxd5 Bxd5 12. Be3 Nc6 13. O-O-O O-O-O 14. Bb6 Rd6 15. Rg3 Bxb3 16. Rxb3 Rxd1+ 17. Kxd1 Bd6 18. Bg2 Bc7 19. Bc5 Rd8+ 20. Ke2 h6 21. h4 f6 22. h5 Bd6 23. Be3 Rd7 24. Bxc6 bxc6 25. Rb6 Rb7 26. Rxc6+ Bc7 27. b3 Rb4 28. c4 1-0

[Event "Paracin Open 2022"]
[Site "Paracin"]
[Date "2022.07.14"]
[Round "7.5"]
[White "Arjun Kalyan"]
[Black "Samant Aditya S"]
[Result "1-0"]
[ECO "B66"]
[WhiteElo "2499"]
[BlackElo "2431"]
[Annotator "ChessBase"]
[PlyCount "95"]
[EventDate "2022.07.08"]
[EventCountry "SRB"]
[SourceTitle "playchess.com"]
[Source "ChessBase"]
[SourceQuality "1"]
[TimeControl "5400+30"]

1. e4 c5 2. Nf3 d6 3. d4 cxd4 4. Nxd4 Nf6 5. Nc3 Nc6 6. Bg5 e6 7. Qd2 a6 8. O-O-O Be7 9. Kb1 Nxd4 10. Qxd4 b5 11. e5 dxe5 12. Qxe5 Bd7 13. Ne4 Nxe4 14. Bxe7 Qxe7 15. Qxe4 O-O 16. Bd3 f5 17. Qe5 Bc6 18. Rhe1 Rae8 19. g3 Qf6 20. f4 Qxe5 21. Rxe5 Kf7 22. Rde1 g6 23. b3 Bd5 24. c4 bxc4 25. bxc4 Rb8+ 26. Ka1 Bc6 27. Rxe6 Rfe8 28. Rxe8 Bxe8 29. c5 a5 30. Bc4+ Kf8 31. Bd5 Bf7 32. Bxf7 Kxf7 33. c6 Rc8 34. Rc1 Ke6 35. c7 Kd6 36. Kb2 Rxc7 37. Rxc7 Kxc7 38. Kb3 Kc6 39. Kc4 Kb6 40. h3 Kc6 41. h4 h6 42. Kd4 Kd6 43. a3 Kc6 44. h5 gxh5 45. Ke5 h4 46. gxh4 Kb5 47. Kxf5 Ka4 48. Ke4 1-0

[Event "Paracin Open 2022"]
[Site "Paracin"]
[Date "2022.07.14"]
[Round "7.6"]
[White "Koustav Chatterjee"]
[Black "Ohanyan, Emin"]
[Result "0-1"]
[ECO "A08"]
[WhiteElo "2485"]
[BlackElo "2354"]
[Annotator "ChessBase"]
[PlyCount "118"]
[EventDate "2022.07.08"]
[EventCountry "SRB"]
[SourceTitle "playchess.com"]
[Source "ChessBase"]
[SourceQuality "1"]
[TimeControl "5400+30"]

1. Nf3 d5 2. g3 c5 3. Bg2 Nf6 4. O-O e6 5. b3 Nc6 6. Bb2 d4 7. e3 e5 8. b4 cxb4 9. a3 bxa3 10. Nxa3 Be7 11. exd4 exd4 12. Nb5 Bg4 13. Nbxd4 Nxd4 14. Bxd4 Bxf3 15. Qxf3 Qxd4 16. Qxb7 Rd8 17. Rxa7 Nd7 18. Re1 Kf8 19. Ra8 g6 20. Rxd8+ Bxd8 21. Bd5 Bb6 22. Re2 Qa1+ 23. Kg2 Qa7 24. Qc6 Qc7 25. Qa4 Nf6 26. Bf3 Kg7 27. c3 Rd8 28. Qb5 Ba7 29. Qb4 Qb6 30. Qc4 Re8 31. d4 Rxe2 32. Qxe2 Qc7 33. Qd3 h5 34. h3 Qd6 35. Qb5 Qc7 36. Qd3 Bb6 37. Ba8 Ba5 38. c4 Qd8 39. Be4 Nxe4 40. Qxe4 Bc3 41. d5 Qd6 42. Qe3 Bb4 43. Qd4+ Kg8 44. h4 Bc5 45. Qb2 Qe7 46. Qb8+ Kg7 47. Qf4 Qf6 48. Qd2 Qd4 49. Qe2 Qf6 50. Qd2 Qe5 51. Qc2 Kf6 52. Kf1 Ke7 53. Qb1 Qd4 54. Qc2 Kd6 55. Kg2 Ke5 56. Kf1 Qe4 57. Qb2+ Kf5 58. Qc3 Kg4 59. Qf6 Kh3 0-1

[Event "Paracin Open 2022"]
[Site "Paracin"]
[Date "2022.07.14"]
[Round "7.7"]
[White "Harshavardhan G B"]
[Black "Suleymenov, Alisher"]
[Result "0-1"]
[ECO "D85"]
[WhiteElo "2397"]
[BlackElo "2467"]
[Annotator "ChessBase"]
[PlyCount "106"]
[EventDate "2022.07.08"]
[EventCountry "SRB"]
[SourceTitle "playchess.com"]
[Source "ChessBase"]
[SourceQuality "1"]
[TimeControl "5400+30"]

1. d4 Nf6 2. c4 g6 3. Nc3 d5 4. cxd5 Nxd5 5. Bd2 Bg7 6. e4 Nxc3 7. Bxc3 O-O 8. Qd2 Nd7 9. Nf3 b6 10. Bd3 e6 11. h4 c5 12. Bc2 Bb7 13. O-O-O Nf6 14. dxc5 Qxd2+ 15. Nxd2 Ng4 16. Bxg7 Kxg7 17. Rde1 Nxf2 18. Rhf1 Ng4 19. cxb6 axb6 20. Kb1 Rfd8 21. Nb3 h5 22. Rf3 Ne5 23. Rc3 Rd7 24. g3 Rad8 25. Nc1 Ba6 26. a4 Rd2 27. Rg1 Bb7 28. Ka2 Nc6 29. Ka3 b5 30. axb5 Ra8+ 31. Ba4 Nd4 32. Rd3 Nxb5+ 33. Kb4 Rxb2+ 34. Nb3 Bxe4 35. Re3 Nd6 36. Ra1 Bd5 37. Rc3 Rb8+ 38. Ka3 R2xb3+ 39. Rxb3 Nc4+ 40. Ka2 Nd2 41. Ka3 Bxb3 42. Bxb3 Rxb3+ 43. Ka2 Rxg3 44. Rd1 Rg2 45. Ka1 e5 46. Re1 e4 47. Re3 f5 48. Rc3 f4 49. Rc7+ Kh6 50. Kb2 f3 51. Rf7 f2 52. Kc3 f1=Q 53. Rxf1 Nxf1 0-1

[Event "Paracin Open 2022"]
[Site "Paracin"]
[Date "2022.07.14"]
[Round "7.8"]
[White "Erdogmus, Yagiz Kaan"]
[Black "Nitish Belurkar"]
[Result "0-1"]
[ECO "C02"]
[WhiteElo "2373"]
[BlackElo "2460"]
[Annotator "ChessBase"]
[PlyCount "138"]
[EventDate "2022.07.08"]
[EventCountry "SRB"]
[SourceTitle "playchess.com"]
[Source "ChessBase"]
[SourceQuality "1"]
[TimeControl "5400+30"]

1. e4 e6 2. d4 d5 3. e5 c5 4. c3 Nc6 5. Nf3 Bd7 6. Be2 Nge7 7. O-O Ng6 8. g3 Be7 9. h4 cxd4 10. cxd4 O-O 11. h5 Nh8 12. Nc3 f6 13. exf6 Bxf6 14. Be3 Nf7 15. Bd3 Nd6 16. Bb1 Be8 17. Qd3 g6 18. hxg6 Bxg6 19. Qd2 Bh5 20. Qd3 Qe7 21. Bf4 Nf5 22. Re1 Rad8 23. Nb5 a6 24. Nc7 Nfxd4 25. Nxd4 Nxd4 26. Rxe6 Nxe6 27. Nxe6 Bxb2 28. Nxf8 Kxf8 29. Qf5+ Qf7 30. Qg5 Bf6 31. Qh6+ Ke8 32. Bg5 Bxa1 33. Bxd8 Kxd8 34. Bxh7 Bd4 35. Qg5+ Bf6 36. Qf4 Qe6 37. Qb8+ Ke7 38. Qxb7+ Kf8 39. Bd3 Bf3 40. Qb8+ Kf7 41. Qc7+ Be7 42. Qf4+ Qf6 43. Qe3 a5 44. Bf1 Be4 45. Be2 Qa1+ 46. Bf1 Qd1 47. Qf4+ Bf6 48. Qc7+ Kg6 49. Qc8 Qf3 50. Qh3 Bd4 51. Qe6+ Bf6 52. Qh3 Bf5 53. Qh2 Bd4 54. Qg2 Be4 55. Qxf3 Bxf3 56. Bg2 Be4 57. Kf1 Kf6 58. f4 Bd3+ 59. Ke1 Bc4 60. a4 Bc3+ 61. Kd1 d4 62. Kc2 Be1 63. g4 d3+ 64. Kd1 Bc3 65. g5+ Kf5 66. Kc1 Kxf4 67. g6 Bb3 68. Kb1 d2 69. Bf3 Kxf3 0-1

[Event "Paracin Open 2022"]
[Site "Paracin"]
[Date "2022.07.14"]
[Round "7.9"]
[White "Han, Yichen"]
[Black "Agmanov, Zhandos"]
[Result "1-0"]
[ECO "D32"]
[WhiteElo "2286"]
[BlackElo "2459"]
[Annotator "ChessBase"]
[PlyCount "105"]
[EventDate "2022.07.08"]
[EventCountry "SRB"]
[SourceTitle "playchess.com"]
[Source "ChessBase"]
[SourceQuality "1"]
[TimeControl "5400+30"]

1. d4 d5 2. c4 e6 3. Nc3 c5 4. cxd5 exd5 5. e4 dxe4 6. Bb5+ Bd7 7. Nge2 Nf6 8. O-O cxd4 9. Nxd4 Be7 10. Nf5 O-O 11. Bxd7 Nbxd7 12. Bg5 Re8 13. Qa4 Nc5 14. Qc2 Bf8 15. Ng3 Rc8 16. Rad1 Qb6 17. Qd2 Ng4 18. Qf4 Ne5 19. Nd5 Qg6 20. Qh4 h6 21. Be7 Ned3 22. b4 Ne6 23. Bxf8 Kxf8 24. Qxe4 Qxe4 25. Nxe4 Nb2 26. Rc1 Red8 27. Ne3 Nd3 28. Rxc8 Rxc8 29. a3 b6 30. Rd1 Nb2 31. Rb1 Na4 32. Kf1 Nf4 33. g3 Nd3 34. Ke2 Ndb2 35. Re1 Re8 36. Nd2 Nc3+ 37. Kf1 Nd3 38. Ra1 b5 39. Kg2 Re6 40. Rf1 Ra6 41. Nc2 Re6 42. Nd4 Rd6 43. N2b3 g5 44. h3 Ra6 45. Ra1 Rd6 46. Rf1 Kg8 47. Nf5 Ra6 48. Nc5 Nxc5 49. bxc5 Kf8 50. Rc1 Rxa3 51. c6 Ke8 52. c7 Kd7 53. Nd6 1-0

[Event "Paracin Open 2022"]
[Site "Paracin"]
[Date "2022.07.14"]
[Round "7.10"]
[White "Nogerbek, Kazybek"]
[Black "Srihari L R"]
[Result "1/2-1/2"]
[ECO "A88"]
[WhiteElo "2437"]
[BlackElo "2431"]
[Annotator "ChessBase"]
[PlyCount "50"]
[EventDate "2022.07.08"]
[EventCountry "SRB"]
[SourceTitle "playchess.com"]
[Source "ChessBase"]
[SourceQuality "1"]
[TimeControl "5400+30"]

1. Nf3 f5 2. g3 Nf6 3. Bg2 g6 4. O-O Bg7 5. d4 O-O 6. c4 d6 7. Nc3 c6 8. d5 e5 9. dxe6 Bxe6 10. b3 Na6 11. Bb2 Qe7 12. Qd2 Rad8 13. Rad1 Rfe8 14. Rfe1 d5 15. cxd5 Nxd5 16. Nxd5 Bxd5 17. Qc1 Bxb2 18. Qxb2 Nc5 19. Qc2 Ne4 20. Nd2 Nf6 21. e3 Bxg2 22. Kxg2 Rd5 23. Nf3 Red8 24. Rxd5 Rxd5 25. Nd2 Ne4 1/2-1/2

[Event "Paracin Open 2022"]
[Site "Paracin"]
[Date "2022.07.14"]
[Round "7.11"]
[White "Petrov, Nikita"]
[Black "Anuj Shrivatri"]
[Result "1/2-1/2"]
[ECO "E48"]
[WhiteElo "2558"]
[BlackElo "2383"]
[Annotator "ChessBase"]
[PlyCount "73"]
[EventDate "2022.07.08"]
[EventCountry "SRB"]
[SourceTitle "playchess.com"]
[Source "ChessBase"]
[SourceQuality "1"]
[TimeControl "5400+30"]

1. d4 Nf6 2. c4 e6 3. Nc3 Bb4 4. e3 O-O 5. Bd3 d5 6. cxd5 exd5 7. a3 Bd6 8. Qc2 c6 9. Nge2 Re8 10. Bd2 b6 11. f3 c5 12. g4 c4 13. Bf5 Bxf5 14. Qxf5 g6 15. Qg5 Nc6 16. h4 Bf8 17. h5 b5 18. hxg6 fxg6 19. Kf1 b4 20. axb4 Nxb4 21. Nf4 Qe7 22. Ra5 Qf7 23. Kg2 Rab8 24. Bc1 Rbd8 25. Qh4 Re7 26. Rb5 Red7 27. Bd2 Ne8 28. Nce2 Nc6 29. Ra1 Rb7 30. Rxb7 Qxb7 31. Bc3 Rd7 32. Rh1 Rd6 33. e4 dxe4 34. fxe4 Nf6 35. d5 Nxe4 36. dxc6 Rxc6 37. g5 1/2-1/2

[Event "Paracin Open 2022"]
[Site "Paracin"]
[Date "2022.07.14"]
[Round "7.12"]
[White "Zanan, Evgeny"]
[Black "Kushagra Mohan"]
[Result "1/2-1/2"]
[ECO "D85"]
[WhiteElo "2521"]
[BlackElo "2359"]
[Annotator "ChessBase"]
[PlyCount "63"]
[EventDate "2022.07.08"]
[EventCountry "SRB"]
[SourceTitle "playchess.com"]
[Source "ChessBase"]
[SourceQuality "1"]
[TimeControl "5400+30"]

1. d4 Nf6 2. c4 g6 3. Nc3 d5 4. cxd5 Nxd5 5. e4 Nxc3 6. bxc3 Bg7 7. Be3 c5 8. Qd2 Qa5 9. Rc1 cxd4 10. cxd4 Qxd2+ 11. Bxd2 O-O 12. Nf3 Bg4 13. Be3 Nc6 14. d5 Bxf3 15. gxf3 Nd4 16. Bh3 f5 17. Kf1 Nxf3 18. exf5 gxf5 19. Rc7 f4 20. Bc5 Ng5 21. Bg4 f3 22. Be3 h5 23. Bd7 Be5 24. Rc4 Rad8 25. Rg1 Rxd7 26. Rxg5+ Bg7 27. Bd4 Rf7 28. h4 Kh7 29. Rxh5+ Kg6 30. Rg5+ Kh7 31. Rh5+ Kg6 32. Rg5+ 1/2-1/2

[Event "Paracin Open 2022"]
[Site "Paracin"]
[Date "2022.07.14"]
[Round "7.13"]
[White "Djordjevic, Vuk"]
[Black "Santiago, Yago De Moura"]
[Result "1-0"]
[ECO "A45"]
[WhiteElo "2382"]
[BlackElo "2513"]
[Annotator "ChessBase"]
[PlyCount "45"]
[EventDate "2022.07.08"]
[EventCountry "SRB"]
[SourceTitle "playchess.com"]
[Source "ChessBase"]
[SourceQuality "1"]
[TimeControl "5400+30"]

1. d4 Nf6 2. Bg5 c5 3. Bxf6 gxf6 4. d5 Qb6 5. Qc1 f5 6. c4 Bg7 7. Nc3 d6 8. e3 Nd7 9. Qc2 Ne5 10. Be2 Bd7 11. Nh3 h5 12. Nf4 h4 13. O-O O-O-O 14. Rab1 Kb8 15. Rfc1 Ng6 16. Nd3 f4 17. b4 Qc7 18. bxc5 dxc5 19. Ne4 fxe3 20. Ndxc5 exf2+ 21. Kh1 Qxh2+ 22. Kxh2 Be5+ 23. Kh1 1-0

[Event "Paracin Open 2022"]
[Site "Paracin"]
[Date "2022.07.14"]
[Round "7.14"]
[White "Sapenov, Daniyal"]
[Black "Song, Raymond"]
[Result "1/2-1/2"]
[ECO "D37"]
[WhiteElo "2362"]
[BlackElo "2499"]
[Annotator "ChessBase"]
[PlyCount "80"]
[EventDate "2022.07.08"]
[EventCountry "SRB"]
[SourceTitle "playchess.com"]
[Source "ChessBase"]
[SourceQuality "1"]
[TimeControl "5400+30"]

1. d4 Nf6 2. c4 e6 3. Nf3 a6 4. Nc3 d5 5. cxd5 exd5 6. Bf4 Bd6 7. Be5 c6 8. e3 O-O 9. Bd3 Bg4 10. Qc2 Re8 11. Bxd6 Qxd6 12. Ne5 Bh5 13. Na4 Qb4+ 14. Kf1 Bg6 15. Bxg6 hxg6 16. Nc5 Re7 17. h4 Nbd7 18. Ncxd7 Nxd7 19. Nxd7 Rxd7 20. h5 gxh5 21. Rxh5 g6 22. Rh3 Kg7 23. Kg1 Rdd8 24. g3 Rh8 25. Rxh8 Rxh8 26. Kg2 Qe7 27. Rh1 Rxh1 28. Kxh1 f5 29. Kg1 Kf6 30. Qb3 g5 31. Kf1 Kg6 32. Ke2 f4 33. gxf4 gxf4 34. Qd1 Qe4 35. Qg1+ Kf5 36. Kd2 Qf3 37. Qh2 Kg4 38. Qg1+ Kf5 39. Qh2 Kg4 40. Qg1+ Kf5 1/2-1/2

[Event "Paracin Open 2022"]
[Site "Paracin"]
[Date "2022.07.14"]
[Round "7.15"]
[White "Aditya Mittal"]
[Black "Arpita, Mukherjee"]
[Result "1-0"]
[ECO "E71"]
[WhiteElo "2480"]
[BlackElo "2281"]
[Annotator "ChessBase"]
[PlyCount "73"]
[EventDate "2022.07.08"]
[EventCountry "SRB"]
[SourceTitle "playchess.com"]
[Source "ChessBase"]
[SourceQuality "1"]
[TimeControl "5400+30"]

1. d4 Nf6 2. c4 g6 3. Nc3 Bg7 4. e4 d6 5. h3 O-O 6. Be3 e5 7. d5 a5 8. g4 Na6 9. Nge2 Nc5 10. Ng3 Nfd7 11. h4 Qe7 12. h5 c6 13. Qd2 Nf6 14. f3 cxd5 15. cxd5 b5 16. Qh2 Bh8 17. Nxb5 Na6 18. Qh4 Bd7 19. Nf5 Bxf5 20. gxf5 Nb4 21. Na3 Rac8 22. hxg6 fxg6 23. fxg6 h5 24. Rd1 Nc2+ 25. Nxc2 Rxc2 26. Bh3 Rb8 27. b3 Bg7 28. Be6+ Kf8 29. Rh2 Rc3 30. Qf2 a4 31. Qd2 Qc7 32. Rc1 Rxc1+ 33. Qxc1 Qxc1+ 34. Bxc1 axb3 35. Rb2 Ra8 36. Rxb3 Ne8 37. Rb7 1-0

[Event "Paracin Open 2022"]
[Site "Paracin"]
[Date "2022.07.14"]
[Round "7.16"]
[White "Taspinar, Yanki"]
[Black "Neelash Saha"]
[Result "1-0"]
[ECO "B99"]
[WhiteElo "2311"]
[BlackElo "2446"]
[Annotator "ChessBase"]
[PlyCount "115"]
[EventDate "2022.07.08"]
[EventCountry "SRB"]
[SourceTitle "playchess.com"]
[Source "ChessBase"]
[SourceQuality "1"]
[TimeControl "5400+30"]

1. e4 c5 2. Nf3 d6 3. d4 cxd4 4. Nxd4 Nf6 5. Nc3 a6 6. Bg5 e6 7. f4 Be7 8. Qf3 Qc7 9. O-O-O Nbd7 10. g4 h6 11. Bxf6 Bxf6 12. h4 Nb6 13. g5 Bxd4 14. Rxd4 Qc5 15. Rd2 Bd7 16. Be2 Na4 17. Rd3 Rc8 18. Bd1 Nb6 19. Kb1 Nc4 20. gxh6 Rxh6 21. h5 b5 22. Ka1 Bc6 23. Qg2 Kf8 24. Rg1 Rh7 25. Re1 a5 26. b3 Qb4 27. Bf3 Na3 28. Qd2 Be8 29. Bd1 Qc5 30. Kb2 Qb4 31. Ka1 Rc6 32. e5 d5 33. Ne2 Qxd2 34. Rxd2 b4 35. Nd4 Rc5 36. Kb2 Ke7 37. Re3 Nb5 38. Nxb5 Bxb5 39. Rg3 f6 40. Rdg2 Kf7 41. h6 Rxh6 42. Rxg7+ Ke8 43. Rb7 Kf8 44. Rb8+ Be8 45. exf6 Kf7 46. Rg5 Bb5 47. Bh5+ Kxf6 48. Rb7 Rxh5 49. Rxh5 Be8 50. Rh8 Bb5 51. Rh6+ Kf5 52. Rf7+ Kg4 53. Rxe6 a4 54. bxa4 Bxa4 55. Re2 Kf3 56. Rh2 Be8 57. Rb7 Bb5 58. f5 1-0

[Event "Paracin Open 2022"]
[Site "Paracin"]
[Date "2022.07.14"]
[Round "7.17"]
[White "Panda Sambit"]
[Black "Gan-Erdene, Sugar"]
[Result "0-1"]
[ECO "E94"]
[WhiteElo "2123"]
[BlackElo "2428"]
[Annotator "ChessBase"]
[PlyCount "106"]
[EventDate "2022.07.08"]
[EventCountry "SRB"]
[SourceTitle "playchess.com"]
[Source "ChessBase"]
[SourceQuality "1"]
[TimeControl "5400+30"]

1. d4 Nf6 2. c4 g6 3. Nc3 Bg7 4. e4 d6 5. Be2 O-O 6. Nf3 Na6 7. O-O e5 8. Be3 c6 9. d5 Ng4 10. Bg5 f6 11. Bd2 Nh6 12. a3 c5 13. Qc1 Nf7 14. g3 Bh3 15. Re1 Qd7 16. Kh1 Qe7 17. Ng1 Bd7 18. Qc2 f5 19. exf5 gxf5 20. f4 e4 21. Be3 Nc7 22. Rad1 b6 23. Nh3 Kh8 24. Nf2 Nh6 25. h3 Rab8 26. b4 Qf6 27. Rc1 a6 28. Qd2 Qe7 29. Rg1 Rg8 30. Rg2 Rbf8 31. Rcg1 Qf6 32. Rc1 Ne8 33. g4 Qh4 34. g5 Ng4 35. Nxg4 fxg4 36. Rh2 g3 37. Qe1 Bd4 38. Bxd4+ cxd4 39. Nxe4 Qxf4 40. Nxg3 Rxg5 41. Bg4 Bxg4 42. hxg4 Rxg4 43. Rh3 Rfg8 44. Nh5 Qf5 45. Ng3 Qf4 46. Nh5 Qg5 47. Rd1 Rh4 48. Qf1 Qxh5 49. Rdd3 Rxh3+ 50. Rxh3 Qg4 51. Kh2 Qg5 52. Qf2 Nf6 53. Kh1 Qc1+ 0-1

[Event "Paracin Open 2022"]
[Site "Paracin"]
[Date "2022.07.14"]
[Round "7.18"]
[White "Menezes, Christoph"]
[Black "Makridis, Dimitrios"]
[Result "1-0"]
[ECO "A17"]
[WhiteElo "2417"]
[BlackElo "2152"]
[Annotator "ChessBase"]
[PlyCount "95"]
[EventDate "2022.07.08"]
[EventCountry "SRB"]
[SourceTitle "playchess.com"]
[Source "ChessBase"]
[SourceQuality "1"]
[TimeControl "5400+30"]

1. c4 e6 2. Nc3 d5 3. e3 Nf6 4. Nf3 b6 5. b3 Bb7 6. Bb2 Nbd7 7. cxd5 exd5 8. Rc1 a6 9. d4 Bd6 10. g3 O-O 11. Bg2 Re8 12. O-O b5 13. Ne2 a5 14. Nf4 a4 15. Nd3 Ne4 16. Nfe5 axb3 17. axb3 Nxe5 18. dxe5 Ba3 19. Bxa3 Rxa3 20. f3 Ng5 21. h4 Ne6 22. f4 Ba8 23. Nb4 c5 24. Nxd5 Ra2 25. e4 Qa5 26. Rf2 h6 27. Rxa2 Qxa2 28. Kh2 Qb2 29. Qc2 Qxc2 30. Rxc2 Rb8 31. f5 Nd4 32. Rxc5 Nxb3 33. Rc7 Nd4 34. Nb4 Kf8 35. g4 Re8 36. Rc5 Bb7 37. Kg3 Ra8 38. Rc7 Ra3+ 39. Kh2 Ba8 40. Nd5 Kg8 41. Rd7 Bc6 42. Rd8+ Kh7 43. Ne7 Ra4 44. e6 fxe6 45. Ng6 Ra8 46. Rxd4 exf5 47. gxf5 Rb8 48. Rb4 1-0

[Event "Paracin Open 2022"]
[Site "Paracin"]
[Date "2022.07.14"]
[Round "7.19"]
[White "Muthaiah AL"]
[Black "Jain Kashish Manoj"]
[Result "1-0"]
[ECO "D02"]
[WhiteElo "2401"]
[BlackElo "2147"]
[Annotator "ChessBase"]
[PlyCount "87"]
[EventDate "2022.07.08"]
[EventCountry "SRB"]
[SourceTitle "playchess.com"]
[Source "ChessBase"]
[SourceQuality "1"]
[TimeControl "5400+30"]

1. d4 Nf6 2. Nf3 g6 3. Nbd2 d5 4. b4 Bg7 5. e3 O-O 6. c4 c6 7. Be2 a5 8. b5 cxb5 9. cxb5 Bg4 10. Ba3 Re8 11. Rc1 Nbd7 12. O-O e6 13. h3 Bxf3 14. Bxf3 Bf8 15. Bxf8 Kxf8 16. e4 Qb6 17. e5 Ng8 18. Qa4 Qd8 19. Be2 Nb6 20. Qa3+ Qe7 21. Qc5 Nd7 22. Qxe7+ Kxe7 23. Rc7 b6 24. Rfc1 Reb8 25. f4 Ke8 26. Nf3 Ne7 27. g4 Rc8 28. Bd3 h6 29. Kf2 Kd8 30. Rxc8+ Rxc8 31. Rxc8+ Kxc8 32. f5 Kd8 33. f6 Nc8 34. g5 hxg5 35. Nxg5 Ke8 36. Be2 Kf8 37. Bg4 Ke8 38. a4 Na7 39. Kg3 Nf8 40. Kf4 Nd7 41. h4 Nf8 42. h5 gxh5 43. Bxh5 Kd7 44. Nxf7 1-0

[Event "Paracin Open 2022"]
[Site "Paracin"]
[Date "2022.07.14"]
[Round "7.20"]
[White "Tsaknakis, Zisis"]
[Black "Damjanovic, Vuk"]
[Result "1-0"]
[ECO "B51"]
[WhiteElo "2266"]
[BlackElo "2393"]
[Annotator "ChessBase"]
[PlyCount "131"]
[EventDate "2022.07.08"]
[EventCountry "SRB"]
[SourceTitle "playchess.com"]
[Source "ChessBase"]
[SourceQuality "1"]
[TimeControl "5400+30"]

1. e4 c5 2. Nf3 Nc6 3. Bb5 d6 4. O-O Bd7 5. Re1 a6 6. Bxc6 Bxc6 7. d4 cxd4 8. Nxd4 Bd7 9. c4 e6 10. b3 Be7 11. Nc3 Nf6 12. Qd3 O-O 13. h3 Qa5 14. Bd2 Qh5 15. a4 Kh8 16. f4 Qc5 17. e5 Ne8 18. Ne4 Qc7 19. Nf3 Bc6 20. Neg5 g6 21. exd6 Qxd6 22. Qc3+ Kg8 23. Ne5 h6 24. Nxc6 Qxc6 25. Nf3 Ng7 26. Ne5 Qc5+ 27. Be3 Qc7 28. Rad1 Rfd8 29. c5 h5 30. Bf2 Rd5 31. Rxd5 exd5 32. b4 Rd8 33. c6 Bf6 34. b5 axb5 35. axb5 bxc6 36. b6 Qd6 37. Rc1 d4 38. Qxc6 Bxe5 39. fxe5 Qxe5 40. b7 Ne6 41. Re1 Qf4 42. Re4 Qf5 43. Bxd4 Kh7 44. Rxe6 Qb1+ 45. Kh2 Rxd4 46. Qc7 Rd1 47. Qxf7+ Kh6 48. Qxg6+ Qxg6 49. Rxg6+ Kxg6 50. b8=Q Rd7 51. Qe8+ Rf7 52. Kg3 Kg7 53. Kh4 Rf5 54. Qd7+ Kg6 55. Qxf5+ Kxf5 56. Kxh5 Kf6 57. g4 Kg7 58. Kg5 Kh7 59. h4 Kg7 60. h5 Kh7 61. Kf6 Kh6 62. g5+ Kh7 63. Kf7 Kh8 64. h6 Kh7 65. g6+ Kxh6 66. g7 1-0

[Event "Paracin Open 2022"]
[Site "Paracin"]
[Date "2022.07.15"]
[Round "8.1"]
[White "Praggnanandhaa R"]
[Black "Arjun Kalyan"]
[Result "1-0"]
[ECO "E48"]
[WhiteElo "2648"]
[BlackElo "2499"]
[Annotator "ChessBase"]
[PlyCount "49"]
[EventDate "2022.07.08"]
[EventCountry "SRB"]
[SourceTitle "playchess.com"]
[Source "ChessBase"]
[SourceQuality "1"]
[TimeControl "5400+30"]

1. d4 Nf6 2. c4 e6 3. Nc3 Bb4 4. e3 O-O 5. Bd3 d5 6. cxd5 exd5 7. Nge2 Re8 8. Bd2 c6 9. O-O Bf8 10. Qc2 a5 11. a3 Na6 12. Rad1 g6 13. Kh1 Bd7 14. f3 b5 15. e4 b4 16. Na4 bxa3 17. bxa3 c5 18. Nxc5 Nxc5 19. dxc5 dxe4 20. Bxe4 Nxe4 21. fxe4 Qe7 22. Bg5 Qxg5 23. Rxd7 Qxc5 24. Qa2 Be7 25. Rxf7 1-0